[Event "Titled Tuesday Blitz May 2 Early 2023"]
[White "Rakotomaharo, Fy Antenaina"]
[Black "Paravyan, David"]
[WhiteFideId "13100050"]
[BlackFideId "4194985"]
[WhiteElo "2427"]
[BlackElo "2563"]
[Result "0-1"]
[Round "11"]
[TimeControl "180+2"]
[Date "2023.05.03"]
[WhiteClock "0:00:00"]
[BlackClock "0:00:01"]

1. e4 e5 2. Nf3 Nf6 3. Nxe5 d6 4. Nf3 Nxe4 5. Bd3 Nf6 6. O-O Be7 7. Re1 O-O 8. h3 d5 9. c3 Bd6 10. Bc2 Re8 11. Rxe8+ Qxe8 12. d4 h6 13. Be3 Nbd7 14. Nbd2 Nf8 15. a4 a5 16. Bd3 Ng6 17. Qc2 Nf4 18. Bxf4 Bxf4 19. Re1 Be6 20. Ne5 Nd7 21. Ndf3 Bxe5 22. Nxe5 Nxe5 23. Rxe5 Qd7 24. Qe2 Re8 25. Bb5 c6 26. Bd3 f6 27. Re3 Bf7 28. h4 Kf8 29. g3 Qd6 30. Bc2 Rxe3 31. Qxe3 Qe7 32. Qf4 g5 33. hxg5 hxg5 34. Qb8+ Kg7 35. Bf5 Bg6 36. Bxg6 Kxg6 37. Qg8+ Kh6 38. Qh8+ Kg6 39. Qg8+ Kf5 40. Kf1 Kg4 41. Qc8+ f5 42. Kg1 Qe1+ 43. Kg2 Qe4+ 44. Kg1 Kf3 45. Kh2 Kxf2 0-1


[Site "https://www.chess.com"]

[Event "Titled Tuesday Blitz May 2 Early 2023"]
[White "Bluebaum, Matthias"]
[Black "Suleymanli, Aydin"]
[WhiteFideId "24651516"]
[BlackFideId "13413937"]
[WhiteElo "2638"]
[BlackElo "2559"]
[Result "1-0"]
[Round "11"]
[TimeControl "180+2"]
[Date "2023.05.03"]
[WhiteClock "0:00:00"]
[BlackClock "0:00:00"]

1. d4 Nf6 2. c4 e6 3. Nc3 Bb4 4. e3 O-O 5. Bd2 b6 6. Nf3 Bb7 7. Bd3 Qe7 8. Qc2 d6 9. e4 e5 10. d5 a5 11. O-O Nbd7 12. Bg5 h6 13. Bh4 g5 14. Nxg5 Bxc3 15. Qxc3 Nxe4 16. Nxe4 Qxh4 17. Ng3 Qg5 18. Nf5 Nc5 19. f4 Qf6 20. Bc2 Rae8 21. Rae1 Bc8 22. fxe5 Rxe5 23. Nxd6 Qxf1+ 24. Kxf1 cxd6 25. Rxe5 dxe5 26. Qxe5 Bd7 27. a3 a4 28. Qd6 Rc8 29. Qxh6 1-0


[Site "https://www.chess.com"]

[Event "Titled Tuesday Blitz May 2 Early 2023"]
[White "Bortnyk, Olexandr"]
[Black "Madaminov, Mukhiddin"]
[WhiteFideId "14120828"]
[BlackFideId "14210703"]
[WhiteElo "2734"]
[BlackElo "2511"]
[Result "1-0"]
[Round "11"]
[TimeControl "180+2"]
[Date "2023.05.03"]
[WhiteClock "0:00:00"]
[BlackClock "0:00:00"]

1. d4 Nf6 2. Nc3 d5 3. Bf4 Bf5 4. e3 e6 5. Nf3 Nbd7 6. Ne5 Nxe5 7. Bxe5 c6 8. Bd3 Bxd3 9. cxd3 Be7 10. O-O O-O 11. e4 Nd7 12. Bg3 Qb6 13. Ne2 Rfd8 14. e5 c5 15. dxc5 Nxc5 16. d4 Ne4 17. Bf4 f5 18. f3 Ng5 19. Qb3 Qxb3 20. axb3 Nf7 21. Rfc1 Rd7 22. Bd2 Nd8 23. Kf2 Nc6 24. g3 Kf7 25. h4 a6 26. Ke3 Rg8 27. Rxa6 bxa6 28. Rxc6 g5 29. hxg5 Bxg5+ 30. f4 Be7 31. Rxa6 Rb7 32. Bc3 Rxb3 33. Ra7 Rgb8 34. Nc1 R3b7 35. Ra6 Rg8 36. Kf3 h5 37. Nd3 Rc7 38. Ba5 Rc2 39. Ra7 Ke8 40. Ra8+ Kf7 41. Ra7 h4 42. gxh4 Rcg2 43. Be1 Ke8 44. Nc5 Bxc5 45. dxc5 Rxb2 46. h5 Rc2 47. h6 Rc4 48. h7 Rf8 49. Ra8+ 1-0


[Site "https://www.chess.com"]

[Event "Titled Tuesday Blitz May 2 Early 2023"]
[White "Asis Gargatagli, Hipolito"]
[Black "Vidit, Santosh Gujrathi"]
[WhiteFideId "2260735"]
[BlackFideId "5029465"]
[WhiteElo "2557"]
[BlackElo "2651"]
[Result "0-1"]
[Round "11"]
[TimeControl "180+2"]
[Date "2023.05.03"]
[WhiteClock "0:00:00"]
[BlackClock "0:00:00"]

1. e4 d5 2. exd5 Qxd5 3. Nc3 Qd8 4. d4 Nf6 5. Nf3 g6 6. Bc4 Bg7 7. Bg5 O-O 8. Qe2 a6 9. O-O-O b5 10. Bb3 Nc6 11. Kb1 Na5 12. Ne5 Qd6 13. Rhe1 Nxb3 14. axb3 Bf5 15. g4 Bc8 16. h4 Bb7 17. h5 Rfd8 18. hxg6 hxg6 19. Bf4 Qe6 20. f3 Nd5 21. Nxd5 Bxd5 22. Qh2 Qf6 23. g5 Qf5 24. Rh1 Bxb3 25. Bc1 Rd6 26. f4 Rad8 27. Rd3 Bd5 28. Re1 Be4 29. Rh3 Rxd4 30. b3 f6 31. gxf6 exf6 32. Nf3 Rd1 33. Rxd1 Rxd1 34. Nh4 Qd5 35. f5 Bxf5 36. Nxf5 Qxf5 37. Rc3 Qg5 0-1


[Site "https://www.chess.com"]

[Event "Titled Tuesday Blitz May 2 Early 2023"]
[White "Galchenko, Matvey"]
[Black "Nguyen, Ngoc Truong Son"]
[WhiteFideId "24175480"]
[BlackFideId "12401110"]
[WhiteElo "2423"]
[BlackElo "2556"]
[Result "0-1"]
[Round "11"]
[TimeControl "180+2"]
[Date "2023.05.03"]
[WhiteClock "0:00:00"]
[BlackClock "0:00:00"]

1. f4 d6 2. Nf3 Nf6 3. g3 g6 4. Bg2 Bg7 5. O-O O-O 6. d3 c5 7. Nc3 Nc6 8. e4 Rb8 9. h3 b5 10. a3 a6 11. g4 Bb7 12. Ne2 c4 13. Ng3 cxd3 14. cxd3 Nd7 15. g5 b4 16. axb4 Nxb4 17. h4 Qc7 18. f5 Qc2 19. Ra4 Qxd1 20. Rxd1 Bc6 21. Ra3 Nc5 22. h5 Rfc8 23. hxg6 hxg6 24. fxg6 fxg6 25. Bh3 Bd7 26. Bxd7 Nxd7 27. d4 Nc2 28. Rxa6 Nxd4 29. Nh4 Ne5 30. Be3 Ne6 31. Ra7 Rb3 32. Re1 Nc6 33. Ra4 Be5 34. Nf1 Kg7 35. Nf3 Bxb2 36. N1d2 Rd3 37. Ra6 Ne5 38. Ra7 Rc7 39. Rxc7 Nxc7 40. Nxe5 Bxe5 41. Kf2 Ne6 42. Ke2 Ra3 43. Rf1 Ra2 44. Kd3 Ra3+ 45. Ke2 Bd4 46. Bxd4+ Nxd4+ 47. Kf2 Rd3 48. Ke1 Re3+ 49. Kd1 Rg3 50. Nc4 Rxg5 51. Kd2 Rc5 52. Ne3 Re5 53. Kd3 Ne6 54. Nd5 Nc5+ 55. Kc2 Nxe4 56. Ne3 Nf6 57. Nc4 Rc5 58. Kd3 g5 59. Ne3 Kg6 60. Ra1 g4 61. Ra8 Rg5 62. Ke2 d5 63. Ng2 e5 64. Rd8 Kf7 65. Kf2 Ke6 66. Ra8 d4 67. Kg3 Ne4+ 68. Kh4 Rg6 69. Kh5 Rg7 70. Kh4 g3 71. Re8+ Kd5 72. Rd8+ Nd6 73. Kh3 e4 74. Nf4+ Ke5 75. Nh5 Rh7 76. Kh4 g2 77. Rg8 Nf5+ 78. Kh3 Rxh5+ 79. Kxg2 d3 80. Kf2 Kf4 81. Kg2 e3 82. Ra8 e2 83. Re8 Ne3+ 84. Kf2 Rh2+ 85. Kg1 Rg2+ 86. Kh1 e1=R# 0-1


[Site "https://www.chess.com"]

[Event "Titled Tuesday Blitz May 2 Early 2023"]
[White "Maghsoodloo, Parham"]
[Black "Bacrot, Etienne"]
[WhiteFideId "12539929"]
[BlackFideId "605506"]
[WhiteElo "2647"]
[BlackElo "2663"]
[Result "1-0"]
[Round "11"]
[TimeControl "180+2"]
[Date "2023.05.03"]
[WhiteClock "0:00:01"]
[BlackClock "0:00:00"]

1. d4 Nf6 2. Nf3 e6 3. Bf4 h6 4. h3 g5 5. Bh2 Bg7 6. Nbd2 d6 7. e4 Nc6 8. a4 Qe7 9. c3 Bd7 10. a5 e5 11. dxe5 Nxe5 12. Nxe5 dxe5 13. a6 b6 14. Bc4 Bc6 15. Qe2 O-O 16. O-O Rad8 17. Rfe1 Ne8 18. Nf1 Nd6 19. Bd3 f5 20. exf5 Nxf5 21. Bxf5 Rxf5 22. Ne3 Rf7 23. Qc4 Ba8 24. Nf5 Qf6 25. Rxe5 Kh7 26. Bg3 Rfd7 27. Rae1 Rd1 28. Rxd1 Rxd1+ 29. Kh2 Qxe5 30. Bxe5 Bxe5+ 31. Ng3 Bxg3+ 32. Kxg3 Rd7 33. Qe6 Rg7 34. b4 h5 35. b5 h4+ 36. Kh2 1-0


[Site "https://www.chess.com"]

[Event "Titled Tuesday Blitz May 2 Early 2023"]
[White "Matlakov, Maxim"]
[Black "Gharibyan, Mamikon"]
[WhiteFideId "4168003"]
[BlackFideId "13308300"]
[WhiteElo "2666"]
[BlackElo "2445"]
[Result "1-0"]
[Round "11"]
[TimeControl "180+2"]
[Date "2023.05.03"]
[WhiteClock "0:00:00"]
[BlackClock "0:00:00"]

1. e4 e5 2. Nf3 Nc6 3. Bb5 a6 4. Ba4 Nf6 5. O-O Be7 6. Bxc6 dxc6 7. Re1 Nd7 8. d4 exd4 9. Qxd4 O-O 10. Bf4 Nc5 11. Qe3 Ne6 12. Bg3 Bc5 13. Qc3 a5 14. Nbd2 Bb4 15. Qb3 b5 16. Rad1 Qe8 17. a3 Bc5 18. c3 a4 19. Qc2 f6 20. Nh4 Qf7 21. Nf5 Re8 22. Nf3 Bf8 23. h3 Nc5 24. N5d4 Bd7 25. e5 Nb3 26. exf6 gxf6 27. Nf5 c5 28. N3h4 Bc6 29. Bf4 Kh8 30. Qd3 c4 31. Qg3 Nc5 32. Nd4 Ne4 33. Qg4 Bb7 34. Nxb5 Bc5 35. Be3 Rg8 36. Qf4 Bf8 37. Bd4 Re8 38. Nxc7 Bd6 39. Bxf6+ Qxf6 40. Qxf6+ Nxf6 41. Nxe8 Rxe8 42. Rxe8+ Nxe8 43. Nf5 Bf4 44. Rd8 Bc6 45. Nd4 Bg5 46. Nxc6 Bxd8 47. Nxd8 Nd6 48. Ne6 Ne4 49. Kf1 Nc5 50. Nxc5 1-0


[Site "https://www.chess.com"]

[Event "Titled Tuesday Blitz May 2 Early 2023"]
[White "Kramnik, Vladimir"]
[Black "Remizov, Yaroslav"]
[WhiteFideId "4101588"]
[BlackFideId "34134015"]
[WhiteElo "2712"]
[BlackElo "2412"]
[Result "0-1"]
[Round "11"]
[TimeControl "180+2"]
[Date "2023.05.03"]
[WhiteClock "0:00:00"]
[BlackClock "0:00:00"]

1. e4 c6 2. d4 d5 3. Nd2 dxe4 4. Nxe4 Nf6 5. Nxf6+ exf6 6. c3 Bd6 7. Bd3 O-O 8. Ne2 Re8 9. O-O Nd7 10. Ng3 Nf8 11. a4 a5 12. f4 c5 13. d5 Qc7 14. c4 Ng6 15. Qh5 Bd7 16. Bd2 Re7 17. Nf5 Bxf5 18. Qxf5 Rae8 19. g3 Qb6 20. Bc3 Nf8 21. Qg4 Re3 22. Rf3 Bc7 23. Kf2 R3e7 24. h4 g6 25. h5 f5 26. Qg5 Bd8 27. Qh6 f6 28. Rh1 Rg7 29. hxg6 hxg6 30. Qh8+ Kf7 31. Re3 Rxe3 32. Kxe3 Qd6 33. Kd2 Qd7 34. b3 Qd6 35. Qh2 Rh7 36. Qxh7+ Nxh7 37. Rxh7+ Kg8 38. Rxb7 g5 39. Bxf5 gxf4 40. Rd7 Qb8 41. Be6+ Kh8 42. Ke2 fxg3 43. Kf3 Qxb3 44. Rxd8+ Kg7 45. Rd7+ Kg6 46. Kg4 Qxc4+ 47. Kh3 Qxc3 48. Bg4 g2+ 49. Kxg2 Qc2+ 50. Kg3 Qb3+ 51. Bf3 Qxa4 52. Rc7 Qd4 53. Rc6 a4 54. d6 a3 55. Bg4 a2 56. Ra6 a1=Q 0-1


[Site "https://www.chess.com"]

[Event "Titled Tuesday Blitz May 2 Early 2023"]
[White "Martinez Alcantara, Jose Eduardo"]
[Black "Molina, Roberto Junio Brito"]
[WhiteFideId "3805662"]
[BlackFideId "2109450"]
[WhiteElo "2711"]
[BlackElo "2376"]
[Result "1-0"]
[Round "11"]
[TimeControl "180+2"]
[Date "2023.05.03"]
[WhiteClock "0:00:00"]
[BlackClock "0:00:00"]

1. e4 c6 2. d4 d5 3. e5 Bf5 4. h3 e6 5. Nf3 Nd7 6. c3 Ne7 7. Bd3 Bxd3 8. Qxd3 c5 9. Bg5 Qb6 10. Nbd2 Nc6 11. O-O h6 12. Bh4 Rc8 13. a3 c4 14. Qc2 Be7 15. Rae1 Qd8 16. Bxe7 Qxe7 17. Nh2 b5 18. f4 g6 19. Rf2 h5 20. Ndf1 Kd8 21. g3 Kc7 22. Ne3 Kb7 23. Nf3 Nb6 24. Kg2 a5 25. g4 hxg4 26. hxg4 Rh6 27. Rh1 Rxh1 28. Kxh1 b4 29. axb4 axb4 30. Kg2 Ra8 31. Qb1 Ra5 32. f5 gxf5 33. gxf5 Ra8 34. f6 Qd7 35. Kg3 Ra5 36. Ng5 Nd8 37. Rh2 Rb5 38. Qc2 bxc3 39. bxc3 Rb3 40. Nd1 Na4 41. Rh7 Kc6 42. Rh8 Qc7 43. Kf4 Qa5 44. Rh3 Nb6 45. Re3 Qa1 46. Kf3 Ra3 47. Qd2 Ra2 48. Qe1 Qb1 49. Kg3 Qg6 50. Kh4 Rh2+ 51. Nh3 Qh6+ 52. Kg4 Qg6+ 53. Kh4 Rg2 54. Rg3 Qh6+ 55. Kg4 Rd2 56. Nf4 Rc2 57. Ne3 Rh2 58. Kf3 Rh4 59. Neg2 1-0


[Site "https://www.chess.com"]

[Event "Titled Tuesday Blitz May 2 Early 2023"]
[White "Sarana, Alexey"]
[Black "Tanenbaum, Zachary"]
[WhiteFideId "24133795"]
[BlackFideId "2060850"]
[WhiteElo "2714"]
[BlackElo "2175"]
[Result "1-0"]
[Round "11"]
[TimeControl "180+2"]
[Date "2023.05.03"]
[WhiteClock "0:00:00"]
[BlackClock "0:00:00"]

1. d4 d5 2. c4 dxc4 3. Nf3 Nf6 4. e3 Bg4 5. Bxc4 e6 6. Nc3 Nc6 7. h3 Bh5 8. O-O Bd6 9. Re1 O-O 10. g4 Bg6 11. e4 Bb4 12. Bg5 h6 13. Bh4 Be7 14. Bg3 Bb4 15. Bh4 Be7 16. Bg3 Bb4 17. Qd3 Bd6 18. Bh4 Be7 19. Rad1 Nd5 20. Bxe7 Ncxe7 21. Qd2 Nxc3 22. bxc3 Qd6 23. Ne5 c5 24. Qf4 Rad8 25. Bb3 cxd4 26. cxd4 Qb4 27. Qe3 Rc8 28. Rd3 Rc7 29. f4 Nd5 30. exd5 Bxd3 31. Nxd3 Qc3 32. Rc1 Qa5 33. Rxc7 Qxc7 34. dxe6 fxe6 35. Bxe6+ Kh8 36. Ne5 Re8 37. d5 Qe7 38. Qe4 Qf6 39. Ng6+ Kh7 40. Nf8+ 1-0


[Site "https://www.chess.com"]

[Event "Titled Tuesday Blitz May 2 Early 2023"]
[White "Le, Tuan Minh"]
[Black "Fernandez Guillen, Ernesto J."]
[WhiteFideId "12401153"]
[BlackFideId "3512428"]
[WhiteElo "2566"]
[BlackElo "2423"]
[Result "1-0"]
[Round "11"]
[TimeControl "180+2"]
[Date "2023.05.03"]
[WhiteClock "0:00:00"]
[BlackClock "0:00:00"]

1. d4 Nf6 2. Nf3 e6 3. Bf4 b6 4. e3 Bb7 5. c4 h6 6. Nc3 a6 7. Bd3 g5 8. Bg3 Bg7 9. h3 d6 10. e4 Nc6 11. d5 exd5 12. exd5 Ne7 13. O-O O-O 14. Nd4 Nfxd5 15. Nxd5 Bxd5 16. cxd5 Bxd4 17. Rc1 f5 18. Rc4 Bc5 19. Qh5 Kg7 20. b4 b5 21. Rc2 Bb6 22. Re1 Qe8 23. Qf3 Qf7 24. Re6 Rae8 25. Rce2 f4 26. Bh2 Nxd5 27. Qxd5 Rxe6 28. Qxe6 Qxe6 29. Rxe6 Rf6 30. Re7+ Rf7 31. Re1 Kf6 32. g3 f3 33. g4 Re7 34. Rd1 Bd4 35. Kf1 Bc3 36. Rb1 Re8 37. a3 Rd8 38. Be4 c5 39. Bxf3 cxb4 40. axb4 d5 41. Be2 d4 42. Bd3 Ra8 43. f4 a5 44. bxa5 Rxa5 45. fxg5+ hxg5 46. Rxb5 Ra1+ 47. Rb1 Ra2 48. Bg3 Rd2 49. Rb6+ Ke7 50. Bd6+ Kd7 51. Bf5+ Ke8 52. Be6 Ba5 53. Rb8+ Bd8 54. Bf5 Rc2 55. Bxc2 Kd7 56. Be5 Bc7 57. Bxc7 1-0


[Site "https://www.chess.com"]

[Event "Titled Tuesday Blitz May 2 Early 2023"]
[White "Chigaev, Maksim"]
[Black "Averjanov, Alexey"]
[WhiteFideId "4108116"]
[BlackFideId "14109867"]
[WhiteElo "2547"]
[BlackElo "2399"]
[Result "1-0"]
[Round "11"]
[TimeControl "180+2"]
[Date "2023.05.03"]
[WhiteClock "0:00:00"]
[BlackClock "0:00:00"]

1. d4 d5 2. Nf3 Nf6 3. c3 e6 4. Bf4 c5 5. e3 Bd6 6. Bb5+ Nc6 7. Bxc6+ bxc6 8. Bxd6 Qxd6 9. Qa4 cxd4 10. cxd4 O-O 11. Qa3 Qxa3 12. Nxa3 Ba6 13. Ne5 Rfc8 14. Rc1 Rc7 15. f3 Rac8 16. Rc5 Kf8 17. Kd2 Ke7 18. Rhc1 Kd6 19. Ra5 Bb7 20. Rxa7 Ne8 21. Nd3 Ba8 22. Ra6 Ke7 23. Nc5 Nd6 24. b3 Rb8 25. Nc2 f6 26. Ne1 g5 27. Ned3 h6 28. Ra4 Nf5 29. Na6 Rcc8 30. Nxb8 Rxb8 31. Ra7+ Kd6 32. Nc5 Rd8 33. b4 Nh4 34. Rc3 Nxg2 35. Rca3 Nh4 36. Rxa8 Rxa8 37. Rxa8 Nxf3+ 38. Ke2 Nxh2 39. Ra7 e5 40. Rd7# 1-0


[Site "https://www.chess.com"]

[Event "Titled Tuesday Blitz May 2 Early 2023"]
[White "Henriquez Villagra, Cristobal"]
[Black "Bolourchifard, Farzad"]
[WhiteFideId "3409350"]
[BlackFideId "12510084"]
[WhiteElo "2542"]
[BlackElo "2317"]
[Result "1-0"]
[Round "11"]
[TimeControl "180+2"]
[Date "2023.05.03"]
[WhiteClock "0:00:00"]
[BlackClock "0:00:00"]

1. Nc3 d5 2. Nf3 Nf6 3. g3 c6 4. Bg2 g6 5. O-O Bg7 6. d3 O-O 7. e4 dxe4 8. dxe4 Qxd1 9. Rxd1 Bg4 10. h3 Bxf3 11. Bxf3 Nbd7 12. Be3 Rfd8 13. Be2 Ne8 14. f4 Nb6 15. e5 e6 16. Ne4 Bf8 17. a3 Rd5 18. c4 Rdd8 19. Kf2 Be7 20. Rdc1 Nc7 21. a4 Na6 22. a5 Nd7 23. c5 Nb4 24. Nd6 Bxd6 25. cxd6 Nd5 26. a6 Nxe3 27. Kxe3 bxa6 28. Rxc6 Rab8 29. Bxa6 Rxb2 30. Rc8 Rb8 31. Rac1 Kf8 32. Rxd8+ Rxd8 33. Rc7 f6 34. Bb5 Nb6 35. Ke4 fxe5 36. Kxe5 a5 37. Kxe6 a4 38. Rb7 Nc8 39. d7 1-0


[Site "https://www.chess.com"]

[Event "Titled Tuesday Blitz May 2 Early 2023"]
[White "Colas, Joshua"]
[Black "Grigoriants, Sergey"]
[WhiteFideId "2044447"]
[BlackFideId "4130804"]
[WhiteElo "2347"]
[BlackElo "2502"]
[Result "1/2-1/2"]
[Round "11"]
[TimeControl "180+2"]
[Date "2023.05.03"]
[WhiteClock "0:00:00"]
[BlackClock "0:00:00"]

1. Nf3 Nf6 2. c4 g6 3. b3 Bg7 4. Bb2 O-O 5. g3 d6 6. d4 Nc6 7. Bg2 e5 8. dxe5 Ng4 9. Qd2 dxe5 10. h3 e4 11. Qxd8 Rxd8 12. Bxg7 exf3 13. Bxf3 Nxf2 14. Kxf2 Kxg7 15. Bxc6 bxc6 16. Nc3 Be6 17. h4 Kf6 18. Rhd1 Ke5 19. Ke3 f5 20. Rxd8 Rxd8 21. Rd1 Rd6 22. Rd3 h6 23. c5 Rd7 24. Rxd7 Bxd7 25. b4 g5 26. hxg5 hxg5 27. a4 Be8 28. Nd1 Bg6 29. Nf2 f4+ 30. gxf4+ gxf4+ 31. Kd2 Kd4 32. Nh3 Ke5 1/2-1/2


[Site "https://www.chess.com"]

[Event "Titled Tuesday Blitz May 2 Early 2023"]
[White "Demchenko, Anton"]
[Black "Girish, A. Koushik"]
[WhiteFideId "4160258"]
[BlackFideId "5038448"]
[WhiteElo "2545"]
[BlackElo "2398"]
[Result "1-0"]
[Round "11"]
[TimeControl "180+2"]
[Date "2023.05.03"]
[WhiteClock "0:00:00"]
[BlackClock "0:00:00"]

1. e4 e5 2. Nf3 Nc6 3. Bc4 Bc5 4. d3 Nf6 5. Bg5 h6 6. Bh4 Be7 7. Bg3 d6 8. a4 O-O 9. h3 g6 10. Nc3 Nh5 11. Bh2 Kh7 12. Nd5 Bf6 13. g4 Nf4 14. Bxf4 exf4 15. c3 Bg7 16. Rg1 Ne5 17. Bb3 c6 18. Nxf4 Qf6 19. Nxe5 Qxf4 20. Nf3 Be6 21. Rg3 d5 22. exd5 Bxd5 23. Bxd5 cxd5 24. Qd2 Rae8+ 25. Kf1 Qc7 26. Rg1 f5 27. g5 f4 28. Kg2 Rf5 29. h4 Qd7 30. Kh2 Rf7 31. Rae1 Rxe1 32. Qxe1 h5 33. Qd1 Re7 34. Re1 Rxe1 35. Nxe1 d4 36. c4 Bf8 37. Nf3 Qg4 38. Qe2 a5 39. Qe4 Bg7 40. Qxb7 Qf5 41. Qe4 Qxe4 42. dxe4 d3 43. Kg2 Bxb2 44. Kf1 Kg7 45. Ke1 Bc3+ 46. Kd1 Kf7 47. Ne1 d2 48. Nf3 Ke6 49. Nxd2 Ke5 50. Kc2 Bb4 51. Kd3 Bc5 52. Nf3+ Ke6 53. Ke2 Kd6 54. Ne1 Ke5 55. Nd3+ Kd6 56. Nxf4 Ke5 57. Nd3+ Kd6 58. Nxc5 Kxc5 59. Kd3 1-0


[Site "https://www.chess.com"]

[Event "Titled Tuesday Blitz May 2 Early 2023"]
[White "Lenaerts, Lennert"]
[Black "Xu, Yi"]
[WhiteFideId "211435"]
[BlackFideId "8605564"]
[WhiteElo "2334"]
[BlackElo "2471"]
[Result "0-1"]
[Round "11"]
[TimeControl "180+2"]
[Date "2023.05.03"]
[WhiteClock "0:00:01"]
[BlackClock "0:00:01"]

1. d4 f5 2. g3 g6 3. Bg2 Bg7 4. Nf3 Nf6 5. O-O O-O 6. c4 d6 7. Nc3 Qe8 8. b3 e5 9. dxe5 dxe5 10. e4 Nc6 11. exf5 gxf5 12. Ba3 Rf7 13. Ng5 Rd7 14. Nd5 e4 15. Rc1 Nxd5 16. cxd5 Nd4 17. Re1 Rxd5 18. Nxe4 fxe4 19. Bxe4 Qf7 20. Rxc7 Rd7 21. Rxd7 Bxd7 22. Bxb7 Re8 23. Rxe8+ Bxe8 24. Bc5 Qxb7 0-1


[Site "https://www.chess.com"]

[Event "Titled Tuesday Blitz May 2 Early 2023"]
[White "Iskusnyh, Sergei"]
[Black "Siva Mahadevan"]
[WhiteFideId "4120027"]
[BlackFideId "25043153"]
[WhiteElo "2492"]
[BlackElo "2249"]
[Result "0-1"]
[Round "11"]
[TimeControl "180+2"]
[Date "2023.05.03"]
[WhiteClock "0:00:00"]
[BlackClock "0:00:00"]

1. d4 Nf6 2. c4 g6 3. g3 Bg7 4. Bg2 O-O 5. Nc3 d6 6. Nf3 Nbd7 7. O-O e5 8. e4 c6 9. h3 Qa5 10. Re1 exd4 11. Nxd4 Ne5 12. Bf1 Qb6 13. Be3 c5 14. Nc2 Be6 15. b3 Rfe8 16. f4 Nc6 17. Bf2 Ng4 18. hxg4 Bxc3 19. g5 Rad8 20. Qd3 Bg7 21. Rad1 Qa5 22. a3 a6 23. Rb1 Qc7 24. Ne3 Nd4 25. Bg2 b5 26. f5 Bd7 27. Nd5 Qa7 28. f6 Bf8 29. Red1 Bc6 30. Bxd4 cxd4 31. Qxd4 Qxd4+ 32. Rxd4 Re5 33. cxb5 axb5 34. Rc1 Ba8 35. Rc7 Rxg5 36. Kf2 Bxd5 37. Rxd5 Rxd5 38. exd5 Ra8 39. Bh3 Rxa3 40. Be6 fxe6 41. dxe6 Ra8 42. f7+ Kg7 43. e7 Bxe7 44. Rxe7 Rf8 45. Ke3 Rxf7 46. Re6 Rf6 47. Re7+ Kh6 48. Rb7 Rf5 49. Rb6 Re5+ 50. Kf3 Rc5 51. b4 Rc3+ 52. Kf2 Kg5 53. Rxb5+ Kg4 54. Rd5 Rf3+ 55. Ke2 Rb3 56. Rxd6 Rxb4 57. Rd3 Rb2+ 58. Kf1 Kh3 59. Rd7 Kxg3 60. Rxh7 g5 61. Rc7 g4 62. Rc3+ Kh2 63. Rc8 Rb1+ 64. Ke2 g3 65. Kf3 Rb3+ 66. Ke2 g2 67. Rh8+ Rh3 0-1


[Site "https://www.chess.com"]

[Event "Titled Tuesday Blitz May 2 Early 2023"]
[White "Nagy, Gabor"]
[Black "Kleiman, Jake"]
[WhiteFideId "737119"]
[BlackFideId "2020041"]
[WhiteElo "2514"]
[BlackElo "2399"]
[Result "1-0"]
[Round "11"]
[TimeControl "180+2"]
[Date "2023.05.03"]
[WhiteClock "0:00:00"]
[BlackClock "0:00:00"]

1. d4 Nf6 2. Nc3 d5 3. Bf4 e6 4. e3 Bd6 5. Qf3 b6 6. g4 Ba6 7. Bxa6 Nxa6 8. g5 Nd7 9. Nge2 O-O 10. h4 Qe7 11. O-O-O c6 12. Kb1 b5 13. Ng3 Nb6 14. e4 Nc4 15. Bxd6 Qxd6 16. Nce2 Nc7 17. h5 Qe7 18. Qf4 f6 19. g6 h6 20. Rhe1 Qb4 21. Qc1 a5 22. Nf4 Qd6 23. Nd3 Rfe8 24. Re2 b4 25. Rde1 Nb5 26. e5 fxe5 27. dxe5 Qe7 28. f4 Rf8 29. f5 exf5 30. Qf4 Rab8 31. Ka1 Nc3 32. Rf2 Ne4 33. Nxf5 Qe6 34. Nxh6+ gxh6 35. Qxh6 Qe7 36. Rf7 Rxf7 37. gxf7+ Kxf7 38. Rf1+ Ke8 39. Qxc6+ Kd8 40. Qxd5+ 1-0


[Site "https://www.chess.com"]

[Event "Titled Tuesday Blitz May 2 Early 2023"]
[White "Yu, Yangyi"]
[Black "Cherniaiev, Tykhon"]
[WhiteFideId "8603820"]
[BlackFideId "14182360"]
[WhiteElo "2783"]
[BlackElo "2450"]
[Result "1-0"]
[Round "11"]
[TimeControl "180+2"]
[Date "2023.05.03"]
[WhiteClock "0:00:00"]
[BlackClock "0:00:00"]

1. d4 Nf6 2. c4 e6 3. Nc3 d5 4. Nf3 Be7 5. Bf4 O-O 6. e3 c5 7. dxc5 Bxc5 8. Qc2 Nc6 9. Rd1 a6 10. a3 h6 11. Be2 d4 12. b4 Ba7 13. c5 Nd5 14. Nxd5 exd5 15. Nxd4 Nxd4 16. Rxd4 a5 17. O-O axb4 18. axb4 Be6 19. Bf3 Bb8 20. Rfd1 Bxf4 21. exf4 Qf6 22. g3 Ra3 23. Bxd5 Bg4 24. R1d2 Ra1+ 25. Kg2 Re8 26. Re4 Rf8 27. Re5 h5 28. h3 Bd7 29. Bxb7 Bc6+ 30. Bxc6 Qxc6+ 31. Qe4 Qb5 32. Re2 Ra4 33. c6 Qxb4 34. Qxb4 Rxb4 35. Rc2 Rc8 36. Rxh5 Rb6 37. c7 Rb7 38. Rhc5 Kf8 39. h4 Ke7 40. h5 Kd6 41. g4 Rb4 42. Kg3 Rb3+ 43. f3 Rb1 44. f5 f6 45. R5c4 Rb7 46. Rc6+ Kd7 47. h6 gxh6 48. Rxf6 Rbxc7 49. Rf7+ Kd6 50. Rfxc7 Rxc7 51. Rxc7 Kxc7 52. Kh4 Kd6 53. Kh5 Ke7 54. Kxh6 Kf7 55. g5 Ke7 56. Kg7 Kd6 57. f6 Ke5 58. f7 Kf4 59. f8=Q+ Kxg5 60. Qf6+ Kh5 61. Qh6# 1-0


[Site "https://www.chess.com"]

[Event "Titled Tuesday Blitz May 2 Early 2023"]
[White "Seo, Jung Min"]
[Black "Deac, Bogdan-Daniel"]
[WhiteFideId "1734687"]
[BlackFideId "1226380"]
[WhiteElo "2468"]
[BlackElo "2649"]
[Result "0-1"]
[Round "11"]
[TimeControl "180+2"]
[Date "2023.05.03"]
[WhiteClock "0:00:01"]
[BlackClock "0:00:00"]

1. e4 e5 2. Nf3 Nc6 3. Bb5 a6 4. Ba4 Nf6 5. O-O Be7 6. Re1 b5 7. Bb3 O-O 8. a4 b4 9. d3 Bc5 10. c3 bxc3 11. bxc3 d6 12. d4 exd4 13. cxd4 Bb4 14. Bd2 Rb8 15. d5 Na5 16. Bc2 Bg4 17. Bxb4 Rxb4 18. Qd2 Qb8 19. Qc3 Rc4 20. Qxa5 Rxc2 21. Nbd2 Bxf3 22. Nxf3 Qa7 23. Nd2 Ng4 24. Rf1 Rb8 25. h3 Nxf2 26. Rxf2 Rc5 0-1


[Site "https://www.chess.com"]

[Event "Titled Tuesday Blitz May 2 Early 2023"]
[White "Ibarra Jerez, Jose Carlos"]
[Black "Postny, Evgeny"]
[WhiteFideId "2226332"]
[BlackFideId "2804344"]
[WhiteElo "2638"]
[BlackElo "2504"]
[Result "1-0"]
[Round "11"]
[TimeControl "180+2"]
[Date "2023.05.03"]
[WhiteClock "0:00:00"]
[BlackClock "0:00:00"]

1. e4 c5 2. Nf3 d6 3. c3 Nf6 4. h3 g6 5. Bd3 Bg7 6. Bc2 O-O 7. d4 cxd4 8. cxd4 d5 9. e5 Ne4 10. O-O Nc6 11. Nc3 Nxc3 12. bxc3 f6 13. exf6 exf6 14. Bf4 Be6 15. Re1 Qd7 16. c4 Rad8 17. c5 Rfe8 18. Ba4 Bf7 19. Qd2 Rxe1+ 20. Rxe1 Re8 21. Rb1 Re4 22. Be3 g5 23. Qb2 Re7 24. Bc2 Bg6 25. Rd1 Bxc2 26. Qxc2 h6 27. g4 h5 28. Nh2 Re4 29. Qd3 f5 30. f3 Re8 31. Bf2 fxg4 32. hxg4 h4 33. Qg6 Qd8 34. Nf1 Rf8 35. Ne3 Nxd4 36. Rxd4 Qe8 37. Qxe8 Rxe8 38. Rxd5 1-0


[Site "https://www.chess.com"]

[Event "Titled Tuesday Blitz May 2 Early 2023"]
[White "Hua, Lefong"]
[Black "Lenderman, Aleksandr"]
[WhiteFideId "2602253"]
[BlackFideId "2021285"]
[WhiteElo "2305"]
[BlackElo "2607"]
[Result "0-1"]
[Round "11"]
[TimeControl "180+2"]
[Date "2023.05.03"]
[WhiteClock "0:00:00"]
[BlackClock "0:00:00"]

1. d4 g6 2. c4 Bg7 3. e4 d6 4. f4 c5 5. d5 b5 6. cxb5 a6 7. Nc3 axb5 8. Bxb5+ Bd7 9. Be2 Bxc3+ 10. bxc3 Qa5 11. Bd2 Nf6 12. c4 Qa4 13. Qxa4 Bxa4 14. Bd3 Na6 15. Rb1 O-O 16. Nf3 Rfb8 17. Ke2 Nb4 18. a3 Nxd3 19. Kxd3 Rxb1 20. Rxb1 Nxe4 21. Rb7 f5 22. Bc1 Kf8 23. Ng5 Nxg5 24. fxg5 Ke8 25. g3 Bd1 26. h4 Bf3 27. Kc3 Be2 28. Bb2 Ra4 29. Rb8+ Kd7 30. Rh8 Rxc4+ 31. Kd2 Bf3 32. Rxh7 Bxd5 33. Bf6 Re4 34. Rg7 Kd8 35. Bc3 f4 36. gxf4 Rxf4 37. Rxg6 Rxh4 38. Rh6 Rxh6 39. gxh6 Bg8 40. a4 e5 41. a5 Bh7 42. a6 Kc7 43. Ba5+ Kc6 44. Bd8 d5 45. Be7 c4 46. Bc5 d4 47. Ke2 c3 48. Kd1 Bg6 49. Kc1 d3 50. Be3 d2+ 51. Bxd2 cxd2+ 52. Kxd2 Kb6 53. Kc3 Kxa6 54. Kc4 Bh7 55. Kd5 e4 56. Ke6 Kb6 57. Kf7 e3 58. Kg7 Bb1 59. h7 Bxh7 60. Kxh7 e2 0-1


[Site "https://www.chess.com"]